 Dungeon Crawl Stone Soup version 0.23-a0-151-gf6d1ed2 (webtiles) character file.

168 Inarius the Chucker (level 5, -2/55 HPs)
             Began as an Ogre Hunter on Sept 7, 2018.
             Slain by a gnoll
             ... wielding a +0 spear
              (10 damage)
             ... on level 4 of the Dungeon.
             The game lasted 00:07:27 (3151 turns).

Inarius the Chucker (Ogre Hunter)                   Turns: 3151, Time: 00:07:28

Health: -2/55      AC:  3    Str: 17    XL:     5   Next: 49%
Magic:  5/5        EV: 10    Int: 12    God:
Gold:   101        SH:  0    Dex:  9    Spells: 4/4 levels left

rFire    . . .     SeeInvis .   a - +0 short sword
rCold    . . .     Gourm    .   (no shield)
rNeg     . . .     Faith    +   b - +0 robe
rPois    .         Spirit   .   (helmet restricted)
rElec    .         Reflect  .   (no cloak)
rCorr    +         Harm     .   (gloves unavailable)
MR       .....                  (boots unavailable)
Stlth    +.........             i - amulet of faith
HPRegen  0.18/turn              s - ring of resist corrosion (curse)
MPRegen  0.09/turn              (no ring)

@: no status effects
A: large, unfitting armour, tough skin 1
a: no special abilities


You were on level 4 of the Dungeon.
You were very hungry.

You visited 1 branch of the dungeon, and saw 4 of its levels.

You collected 101 gold pieces.

Inventory:

Hand Weapons
 a - a +0 short sword (weapon)
 r - a +0 club
Missiles
 c - a large rock
 d - 2 throwing nets
 l - 22 stones (quivered)
Armour
 b - a +0 robe (worn)
Jewellery
 i - an amulet of faith (around neck)
 s - a cursed ring of resist corrosion (left hand)
Scrolls
 e - 2 scrolls of teleportation {unknown}
 g - a scroll of identify
 h - 2 scrolls of enchant weapon
 j - 2 scrolls of remove curse
 k - 2 scrolls of enchant armour
 m - a scroll of fog {unknown}
 o - a scroll of immolation {unknown}
Potions
 n - 2 potions of might
 p - a potion of brilliance {unknown}
 q - 2 potions of magic {unknown}
Comestibles
 f - 4 rations


   Skills:
 * Level 4.4 Fighting
 * Level 1.1 Maces & Flails
 + Level 4.9 Throwing
 + Level 2.9 Dodging
 - Level 1.0 Stealth


You had 4 spell levels left.
You didn't know any spells.
Your spell library contained the following spells:

 Spells                   Type           Power        Failure   Level  Hunger
 Beastly Appendage        Tmut           #.....       32%         1    ##.....
 Sticks to Snakes         Tmut           #.......     45%         2    ###....
 Spider Form              Tmut/Pois      #.........   69%         3    ####...
 Ice Form                 Ice/Tmut       #.......     97%         4    #####..
 Blade Hands              Tmut           #.........   100%        5    ######.


Dungeon Overview and Level Annotations

Branches:
Dungeon (4/15)
 Temple: D:4-7

Altars:

Shops:
D:4 (


Innate Abilities, Weirdness & Mutations

You are too large for most types of armour.
You have tough skin. (AC +1)


Message History

The gnoll is heavily wounded.
The gnoll completely misses you. The gnoll hits you but does no damage.
You hit the gnoll.
The gnoll is heavily wounded.
The gnoll hits you. The gnoll hits you with a spear.
Fire/throw which item? (* to show all) (? for menu, Esc to quit)
Press: ? - help, Shift-Dir - straight line, f/p - gnoll
Aim: a gnoll, wielding a spear (heavily wounded)
You throw a large rock. The large rock barely misses the gnoll.
The gnoll hits you with a spear!
* * * LOW HITPOINT WARNING * * *
The gnoll hits you.
* * * LOW HITPOINT WARNING * * *
The gnoll hits you with a spear.
* * * LOW HITPOINT WARNING * * *
The gnoll hits you but does no damage. The gnoll hits you with a spear.
* * * LOW HITPOINT WARNING * * *
The gnoll hits you from afar with a spear!
You die...

######### ############......(#
...........#.#.....#
............∩...<..#
...........#.#.†...#
.............#.....#
.............#.....#
..>..........#..@.g###
..##...##..###....g.(############
####...##..#.....###.............
.. #.......#.....# #.....#...#.#.
.. #.......#.....# #......#.#...#
.. +.......#.....# #...#...#.....
.. #.......#..(..# #....#..#.....
.. #.......#.....# #.#...###.....
.. #.......#..... #..#..#..#...#


You could see 2 gnolls.

Vanquished Creatures
  A scorpion (D:4)
  Jessica (D:3)
  A gnoll (D:4)
  2 adders (D:3)
  An ooze (D:1)
  A worm (D:2)
  2 dart slugs
  A leopard gecko (D:1)
  2 orcs
  A ball python (D:3)
  6 giant cockroaches
  4 goblins
  5 hobgoblins
  2 jackals (D:2)
  3 kobolds
  A quokka (D:2)
  7 bats
  7 frilled lizards
  4 rats
52 creatures vanquished.

Notes
Turn   | Place    | Note
-------+----------+-------------------------------------------
     0 | D:1      | Inarius the Ogre Hunter began the quest for the Orb.
     0 | D:1      | Reached XP level 1. HP: 22/22 MP: 1/1
   229 | D:1      | Reached XP level 2. HP: 29/31 MP: 2/2
   828 | D:2      | Reached XP level 3. HP: 33/37 MP: 3/3
  2161 | D:2      | Reached XP level 4. HP: 25/45 MP: 4/4
  2933 | D:3      | Noticed Jessica
  2936 | D:3      | Killed Jessica
  2936 | D:3      | Reached skill level 1 in Stealth
  3077 | D:4      | Found Mem Mima's Weapon Boutique.
  3089 | D:4      | Reached skill level 1 in Maces & Flails
  3089 | D:4      | Reached XP level 5. HP: 55/55 MP: 5/5
  3151 | D:4      | Slain by a gnoll

Vault maps used:
D:1:      dpeg_arrival_tiny_f
D:3:      uniq_jessica
D:4:      lightli_temple_of_fire, first_ration, serial_shops,
          nicolae_shop_crystal, minmay_splitting_lines

Skill      XL: |  1  2  3  4 |
---------------+-------------+-----
Fighting       | 3 4 |  4.4
Dodging        | 2 |  2.9
Stealth        | 1 |  1.0
Maces & Flails | 1 |  1.1
Throwing       | |  4.9

Action                   |  1- 3 |  4- 6 || total
-------------------------+-------+-------++-------
Melee: Short sword       |   154 |    49 ||   203
       Flail             |    12 |       ||    12
Throw: Large rock        |     2 |     7 ||     9
       Stone             |    28 |    37 ||    65
  Use: Scroll            |     2 |     2 ||     4
  Eat: Chunk             |     4 |     2 ||     6
Armor: Robe              |    66 |    19 ||    85
Dodge: Dodged            |   101 |    42 ||   143

Table legend:
 A = Non-vault XP
 B = Vault XP
 C = Vault XP percentage of total XP
 D = Non-vault monster count
 E = Vault monster count
 F = Vault count percentage of total count
                 A         B        C        D         E       F
            +---------+---------+-------+---------+---------+-------
      Total |     204 |      37 |  15.4 |      51 |       1 |   1.9
            +---------+---------+-------+---------+---------+-------
        D:1 |      32 |       0 |   0.0 |      15 |       0 |   0.0
        D:2 |      40 |       0 |   0.0 |      20 |       0 |   0.0
        D:3 |      45 |      37 |  45.1 |      13 |       1 |   7.1
        D:4 |      87 |       0 |   0.0 |       3 |       0 |   0.0
            +---------+---------+-------+---------+---------+-------
